 Dungeon Crawl Stone Soup version 0.21-a0-64-g1c0f2e3 (webtiles) character file.

11895 Manul the Cruncher (level 11, 0/64 HPs)
             Began as a Vine Stalker Gladiator on June 17, 2017.
             Was an Initiate of Gozag.
             Slain by a manticore (5 damage)
             ... on level 11 of the Dungeon.
             The game lasted 00:17:51 (10715 turns).

Manul the Cruncher (Vine Stalker Gladiator)        Turns: 10715, Time: 00:17:51

Health: 0/64       AC:  7    Str: 17    XL:     11   Next: 84%
Magic:  0/12       EV: 17    Int:  8    God:    Gozag
Gold:   567        SH:  0    Dex: 19    Spells: 9/10 levels left

rFire    . . .     SeeInvis +   I - +4 quarterstaff (chaos)
rCold    + . .     Gourm    .   (shield currently unavailable)
rNeg     . . .     Faith    .   b - +1 leather armour
rPois    .         Spirit   +   c - +0 helmet
rElec    .         Reflect  .   O - +0 cloak (curse)
rCorr    .         Harm     .   (no gloves)
MR       ++...                  (no boots)
Stlth    ++++......             q - amulet of regeneration
HPRegen  1.00/turn              l - ring of protection from magic
MPRegen  0.13/turn              x - ring of see invisible

@: no status effects
A: fangs 3, cold resistance 1, mutation resistance 1, regeneration 1, robust 1,
magic shield, antimagic bite, no potion heal 3, rot immunity
a: Potion Petition, Call Merchant, Bribe Branch, Renounce Religion


You were on level 11 of the Dungeon.
You worshipped Gozag.
Gozag was pleased with you.
You were very hungry.

You visited 2 branches of the dungeon, and saw 12 of its levels.
You also visited: Ossuary.

You collected 2015 gold pieces.
You paid 1448 gold pieces to Gozag.

Inventory:

Hand Weapons
 m - a +4 hunting sling of velocity
 B - a +2 quarterstaff of protection
 I - a +4 quarterstaff of chaos (weapon)
Missiles
 d - 4 throwing nets (quivered)
Armour
 b - a +1 leather armour (worn)
 c - a +0 helmet (worn)
 O - a cursed +0 cloak (worn)
Jewellery
 l - a ring of protection from magic (left hand)
 n - an uncursed ring of resist corrosion
 o - an uncursed ring of poison resistance
 q - an amulet of regeneration (around neck)
 x - a ring of see invisible (right hand)
 y - an uncursed amulet of the gourmand {unknown}
 A - an uncursed ring of protection from fire
Wands
 v - a wand of lightning (9/15)
 z - a wand of disintegration (9/24)
 E - a wand of polymorph (18/24)
 Q - a wand of enslavement (6/24)
 R - a wand of paralysis (12/24)
 S - a wand of paralysis (8/24)
 T - a wand of digging (18/24)
 X - a wand of iceblast (8/15)
Scrolls
 f - 2 scrolls of remove curse
 i - 2 scrolls of enchant weapon {unknown}
 j - 4 scrolls of teleportation
 p - a scroll of enchant armour
 s - 7 scrolls of identify
 H - 2 scrolls of noise {unknown}
 L - a scroll of immolation {unknown}
 M - 2 scrolls of amnesia
 N - 2 scrolls of blinking {unknown}
 P - 3 scrolls of fear {unknown}
 U - 3 scrolls of recharging
 V - a scroll of holy word {unknown}
Potions
 e - 11 potions of curing
 k - a potion of berserk rage {unknown}
 r - a potion of haste
 t - 4 potions of flight
 u - a potion of magic
 w - a potion of agility
 J - a potion of brilliance
 K - a potion of invisibility
Books
 C - a book of Geomancy

   Spells                             Type                      Level
   a - Sandblast                      Earth                        1
   b - Passwall                       Transmutation/Earth          2
   c - Stone Arrow                    Conjuration/Earth            3
   d - Petrify                        Transmutation/Earth          4
   e - Lee's Rapid Deconstruction     Earth                        5
 D - a book of Flames

   Spells                             Type                      Level
   a - Flame Tongue                   Conjuration/Fire             1
   b - Throw Flame                    Conjuration/Fire             2
   c - Conjure Flame                  Conjuration/Fire             3
   d - Inner Flame                    Hexes/Fire                   3
   e - Sticky Flame                   Conjuration/Fire             4
   f - Fireball                       Conjuration/Fire             5
 F - a book of Maledictions

   Spells                             Type                      Level
   a - Corona                         Hexes                        1
   b - Ensorcelled Hibernation        Hexes/Ice                    2
   c - Confuse                        Hexes                        3
   d - Tukima's Dance                 Hexes                        3
   e - Dazzling Spray                 Conjuration/Hexes            3
Miscellaneous
 W - a phial of floods
Comestibles
 a - 4 bread rations
 g - 8 meat rations
 h - 3 royal jellies
 G - 2 fruits


   Skills:
 + Level 7.6 Fighting
 + Level 11.4 Staves
 + Level 2.1 Throwing
 + Level 4.6 Armour
 + Level 6.6 Dodging
 + Level 8.4 Stealth
 + Level 0.2 Spellcasting
 + Level 1.0 Evocations


You had 9 spell levels left.
You knew the following spells:

 Your Spells              Type           Power        Failure   Level  Hunger
a - Corona                Hex            #......      45%         1    ##.....


Dungeon Overview and Level Annotations

Branches:
Dungeon (11/15)            Temple (1/1) D:4             Orc (0/2) D:11
   Lair: D:8-11

Altars:
Ashenzari
Cheibriados
Dithmenos
Fedhas
Gozag
Hepliaklqana
Kikubaaqudgha
Makhleb
Nemelex Xobeh
Okawaru
Qazlal
Sif Muna
Trog
Uskayaw
Vehumet
Wu Jian
Xom
Yredelemnul
The Shining One

Shops:
D:7 [

Annotations:
D:7 kroki's ghost, novice GrEE


Innate Abilities, Weirdness & Mutations

You have razor-sharp teeth.
Your natural rate of healing is unusually fast.
When hurt, damage is shared between your health and your magic reserves.
Your bite disrupts and absorbs the magic of your enemies.
Potions cannot restore your health.
You are immune to rotting.
Your flesh is cold resistant. (rC+)
You are somewhat resistant to further mutation.
You are robust. (+10% HP)


Message History

* * * LOW HITPOINT WARNING * * *
The orc wizard shouts!
You are too injured to fight recklessly!
You are too injured to fight recklessly!
You are too injured to fight recklessly!
You are too injured to fight recklessly!
You are too injured to fight recklessly!
You are too injured to fight recklessly!
You are too injured to fight recklessly!
You are too injured to fight recklessly!
You are too injured to fight recklessly!
There are monsters nearby!
You sock the manticore! You burn the manticore. You bite the manticore.
You drain its power.
You feel invigorated.
The manticore is heavily wounded.
The manticore misses you. The manticore claws you!!
* * * LOW HITPOINT WARNING * * *
The manticore claws you!
You die...
Your body crumbles into a pile of gold.

.............................#
.............................#
.............................#
.......P..P..P...............#
.........P..P................#
....P.PPPPPP.................#
[.#P..P.PPP....#..############
.....PP.PP.P..P.#.#
....PPP..P.PP..P@.#


..P.PPP...PPPPPH..# .....P ...P.....# ....P. .P...P.P.# ...P .o....P..# ..PP
P.P.P$P..# .... .....P...# Y... .........# o.l. You could see a manticore
(berserk) and an orc wizard.

Vanquished Creatures
  A two-headed ogre (D:8)
  2 unseen horrors
  A cyclops (D:11)
  The ghost of Serafim the Chopper, a novice MiFi (D:4)
  Joseph (D:7)
  Psyche (D:9)
  A hornet (D:10)
  Prince Ribbit (D:8)
  A hippogriff (D:9)
  A meliai zombie (D:11)
  A spriggan (D:7)
  A yak (D:10)
  Grum (D:7)
  Eustachio (D:5)
  Duvessa (D:7)
  A water moccasin (D:10)
  4 porcupines
  A porcupine (shapeshifter) (D:9)
  2 phantoms
  A hornet zombie (D:10)
  2 ice beasts
  2 black bears
  6 orc warriors
  3 ogres
  2 wolves (D:7)
  7 centaurs
  A crocodile (D:11)
  A big kobold (D:10)
  3 elf zombies (Ossuary)
  A gnoll sergeant (D:9)
  6 bullfrogs
  A wyvern skeleton (D:11)
  Dowan (D:7)
  6 scorpions
  12 wights
  5 killer bees
  3 howler monkeys
  3 crimson imps
  4 centaur zombies
  A bullfrog zombie (D:7)
  A human zombie (Ossuary)
  3 orc priests
  Crazy Yiuf (D:7)
  5 hounds
  3 jellies
  A bullfrog skeleton (D:11)
  2 centaur skeletons
  Jessica (D:3)
  7 iguanas
  9 orc wizards
  A worker ant (shapeshifter) (D:10)
  8 worker ants
  A hound zombie (D:7)
  2 mummies (Ossuary)
  A hound skeleton (D:4)
  A worker ant zombie (D:6)
  5 adders
  8 gnolls
  A shadow imp (D:5)
  2 adder skeletons
  An adder zombie (Ossuary)
  2 worms
  2 dart slugs
  10 leopard geckos
  42 orcs
  2 ball pythons
  10 giant cockroaches
  2 gnoll zombies (D:8)
  7 goblins
  4 hobgoblins
  11 jackals
  7 quokkas
  14 bats
  5 frilled lizards
  2 goblin zombies (Ossuary)
  10 hobgoblin zombies (Ossuary)
  A jackal zombie (Ossuary)
  11 kobolds
  10 kobold zombies (Ossuary)
  8 orc zombies (Ossuary)
  A quokka skeleton (D:7)
  5 rats
325 creatures vanquished.

Vanquished Creatures (others)
  A wyvern (D:11)
  An orc wizard (D:4)
  34 fungi (D:11)
  18 plants (D:11)
54 creatures vanquished.

Grand Total: 379 creatures vanquished

Notes
Turn   | Place    | Note
-------+----------+-------------------------------------------
     0 | D:1      | Manul the Vine Stalker Gladiator began the quest for the Orb.
     0 | D:1      | Reached XP level 1. HP: 11/11 MP: 2/2
    77 | D:1      | Reached XP level 2. HP: 14/15 MP: 3/3
    80 | D:1      | Reached skill level 3 in Staves
   472 | D:1      | Reached XP level 3. HP: 18/18 MP: 4/4
  1488 | D:3      | Gained mutation: Your natural rate of healing is unusually fast. [Vine Stalker growth]
  1488 | D:3      | Reached XP level 4. HP: 13/23 MP: 3/5
  1507 | D:3      | Reached skill level 1 in Armour
  1560 | D:3      | Reached skill level 4 in Staves
  1560 | D:3      | Reached XP level 5. HP: 9/26 MP: 2/6
  2269 | D:3      | Noticed Jessica
  2276 | D:3      | Killed Jessica
  2276 | D:3      | Reached skill level 1 in Stealth
  2726 | D:3      | Reached XP level 6. HP: 30/30 MP: 7/7
  3076 | D:4      | Noticed Serafim's ghost (novice MiFi)
  3383 | D:4      | Reached XP level 7. HP: 24/35 MP: 4/8
  3461 | D:4      | Reached skill level 5 in Staves
  3571 | D:4      | Killed Serafim's ghost
  3650 | D:4      | Found a staircase to the Ecumenical Temple.
  3748 | Temple   | Entered the Ecumenical Temple
  3782 | Temple   | Became a worshipper of Gozag Ym Sagoz the Greedy
  3945 | D:5      | Entered Level 5 of the Dungeon
  3986 | D:5      | Noticed Eustachio
  3997 | D:5      | Killed Eustachio
  3997 | D:5      | Reached skill level 6 in Staves
  3997 | D:5      | Gained mutation: You have razor-sharp teeth. [Vine Stalker growth]
  3997 | D:5      | Reached XP level 8. HP: 41/41 MP: 9/9
  4049 | D:5      | Found a sand-covered staircase.
  4112 | Ossuary  | Entered an ossuary
  4515 | D:5      | Reached skill level 7 in Staves
  4666 | D:5      | Reached XP level 9. HP: 21/46 MP: 6/10
  4815 | D:5      | Reached skill level 5 in Fighting
  4998 | D:6      | Found a snail-covered altar of Cheibriados.
  5122 | D:6      | Reached skill level 8 in Staves
  5754 | D:7      | Learned a level 1 spell: Corona
  5764 | D:7      | Noticed Duvessa
  5765 | D:7      | Noticed Dowan
  5776 | D:7      | Killed Dowan
  5814 | D:7      | Killed Duvessa
  6067 | D:7      | Noticed kroki's ghost (novice GrEE)
  6084 | D:7      | Noticed Joseph
  6131 | D:7      | Killed Joseph
  6131 | D:7      | Reached skill level 5 in Dodging
  6131 | D:7      | Reached skill level 5 in Stealth
  6322 | D:7      | Gained mutation: You are frail. (-10% HP) [potion of mutation]
  6322 | D:7      | Lost mutation: You are frail. (-10% HP) [potion of mutation]
  6322 | D:7      | Gained mutation: Your flesh is heat resistant. (rF+) [potion of mutation]
  6469 | D:8      | Reached XP level 10. HP: 52/52 MP: 11/11
  6477 | D:8      | Noticed Grum
  6495 | D:7      | Reached skill level 9 in Staves
  6508 | D:7      | Killed Grum
  6889 | D:8      | Lost mutation: Your flesh is heat resistant. (rF+) [potion of mutation]
  6889 | D:8      | Gained mutation: Armour fits poorly on your strangely shaped body. [potion of mutation]
  6889 | D:8      | Gained mutation: You are partially covered in yellow scales. (AC +2) [potion of mutation]
  7000 | D:8      | Noticed a two-headed ogre
  7059 | D:8      | Killed a two-headed ogre
  7170 | D:8      | Noticed Prince Ribbit
  7187 | D:8      | Killed Prince Ribbit
  7229 | D:8      | Found a basalt altar of Yredelemnul.
  7536 | D:7      | Found a runed door.
  7792 | D:7      | Noticed Crazy Yiuf
  7796 | D:7      | Killed Crazy Yiuf
  7954 | D:9      | Reached skill level 10 in Staves
  8346 | D:9      | Noticed Psyche
  8350 | D:9      | Killed Psyche
  8350 | D:9      | Reached skill level 1 in Evocations
  8350 | D:9      | Reached XP level 11. HP: 43/58 MP: 8/12
  8633 | D:10     | Entered Level 10 of the Dungeon
  8862 | D:10     | Found an iron altar of Okawaru.
  9216 | D:10     | Lost mutation: Armour fits poorly on your strangely shaped body. [potion of mutation]
  9216 | D:10     | Lost mutation: You are partially covered in yellow scales. (AC +2) [potion of mutation]
  9216 | D:10     | Gained mutation: You have a pair of small horns on your head. [potion of mutation]
  9216 | D:10     | Gained mutation: You occasionally shout uncontrollably at your foes. [potion of mutation]
  9216 | D:10     | Gained mutation: You are robust. (+10% HP) [potion of mutation]
  9422 | D:11     | Found a staircase to the Orcish Mines.
  9594 | D:11     | Noticed a cyclops
  9609 | D:11     | Killed a cyclops
  9692 | D:11     | Reached skill level 11 in Staves
  9743 | D:11     | Noticed a manticore
  9746 | D:10     | HP: 2/63 [porcupine's spines (10)]
 10485 | D:11     | Noticed an unseen horror
 10512 | D:10     | Killed an unseen horror
 10575 | D:11     | Killed an unseen horror
 10652 | D:11     | Lost mutation: You occasionally shout uncontrollably at your foes. [potion of mutation]
 10652 | D:11     | Lost mutation: You have a pair of small horns on your head. [potion of mutation]
 10652 | D:11     | Gained mutation: Your flesh is cold resistant. (rC+) [potion of mutation]
 10652 | D:11     | Gained mutation: You are somewhat resistant to further mutation. [potion of mutation]
 10715 | D:11     | Slain by a manticore

Vault maps used:
D:1:      nicolae_arrival_memento_mori
D:2:      first_bread
D:3:      cheibrodos_gnoll_hut, uniq_jessica
D:4:      temple_statues
D:5:      nicolae_ossuary_entry_plus, uniq_eustachio
D:6:      basic_altar
D:7:      the_bakery, uniq_crazy_yiuf_cottage, uniq_duvessa, uniq_joseph
D:8:      lemuel_zombie_altar_yredelemnul, uniq_grum, uniq_prince_ribbit1
D:9:      serial_bayou_pond_d, columned_hall_lemuel, uniq_psyche
D:10:     okawaru_ov_weapons_minmay
D:11:     due_lair_maze_entry_diamond, david_orc_2
Temple:   dpeg_three_leaves_temple
Ossuary:  ossuary_tomb_1

Skill      XL: |  1  2  3  4  5  6  7  8  9 10 11 |
---------------+----------------------------------+-----
Throwing       | 2 |  2.1
Staves         | 3 4 6 7 8 10 11 | 11.4
Fighting       | 2 3 4 5 6 7 |  7.6
Armour         | 1 2 3 4 |  4.6
Dodging        | 3 4 5 6 |  6.6
Stealth        | 1 3 5 7 8 |  8.4
Evocations     | 1 |  1.0
Spellcasting   | |  0.2

Action                   |  1- 3 |  4- 6 |  7- 9 | 10-12 || total
-------------------------+-------+-------+-------+-------++-------
Melee: Quarterstaff      |   121 |   153 |   409 |   422 ||  1105
       Bite              |    31 |    53 |   153 |   147 ||   384
       Headbutt          |       |       |       |    49 ||    49
 Cast: Corona            |       |       |     1 |       ||     1
Invok: Potion Petition   |       |       |     1 |     1 ||     2
       Call Merchant     |       |       |     1 |       ||     1
Evoke: Wand              |       |       |     1 |     5 ||     6
  Use: Scroll            |     2 |     5 |     5 |     2 ||    14
       Potion            |     1 |       |     7 |     3 ||    11
 Stab: Sleeping          |     1 |     7 |    11 |    15 ||    34
       Invisible         |       |       |     5 |     3 ||     8
       Distracted        |       |       |       |     5 ||     5
       Petrifying        |       |       |       |     1 ||     1
  Eat: Chunk             |     2 |     6 |     1 |       ||     9
       Bread ration      |       |       |     2 |     3 ||     5
Armor: Leather armour    |    55 |    34 |    49 |   103 ||   241
       Skin              |       |       |    20 |       ||    20
Dodge: Dodged            |    96 |    97 |   266 |   366 ||   825
